 Dungeon Crawl Stone Soup version 0.31-a0-164-g2312942fda (webtiles) character file.

Game seed: 9876338326830350492

75 ytrimaz the Grave Robber (level 4, 0/29 (30) HPs)
             Began as a Mummy Necromancer on June 13, 2023.
             Slain by a gnoll
             ... wielding a +3 heavy flail
              (17 damage)
             ... on level 3 of the Dungeon.
             The game lasted 00:03:06 (2218 turns).

ytrimaz the Grave Robber (Mummy Necromancer)        Turns: 2218, Time: 00:03:06

HP:   0/29 (30)     AC:  5    Str: 11    XL:     4   Next: 11%
MP:   3/9           EV: 17    Int: 16    God:
Gold: 115           SH:  0    Dex: 12    Spells: 5/10 levels left

rFire   x . .        (no weapon)
rCold   + + .        (no shield)
rNeg    + + +        a - +0 robe
rPois   ∞            (no helmet)
rElec   .            b - +2 cloak
rCorr   .            (no gloves)
SInv    .            (no boots)
Will    .....        (no amulet)
Stlth   ++           g - ring "Qeunweil" {rC+ EV+5}
HPRegen 0.24/turn    (no ring)
MPRegen 0.11/turn

%: faith
@: lightly drained
A: cold resistance 1, negative energy resistance 3, torment resistance 2, heat
vulnerability 1, in touch with death 1, no potions, faith
a: no special abilities


You were on level 3 of the Dungeon.
You visited 1 branch of the dungeon, and saw 3 of its levels.

You collected 115 gold pieces.


Innate Abilities, Weirdness & Mutations

You are immune to poison.
Your flesh is cold resistant. (rC+)
You are immune to negative energy. (rN+++)
You are immune to unholy pain and torment.
You are vulnerable to heat. (rF-)
You are in touch with the powers of death.
You do not drink.
You have a special connection with the divine. (Faith)


   Skills:
 - Level 1.5 Dodging
 - Level 1.5 Stealth
 + Level 3.8 Spellcasting
 * Level 5.2 Necromancy


You had 5 spell levels left.
You knew the following spells:

 Your Spells              Type           Power      Damage    Failure   Level
a - Necrotise             Necr           100%       1d9       1%          1
b - Vampiric Draining     Necr           29%        2d8       6%          3
c - Kiss of Death         Conj/Necr      68%        2d10      6%          1

Your spell library contained the following spells:

 Spells                   Type           Power      Damage    Failure   Level
 Animate Dead             Necr           29%        N/A       21%         4
 Dispel Undead            Necr           29%        3d13      21%         4
 Confusing Touch          Hex            3%         N/A       45%         3
 Agony                    Necr           29%        N/A       50%         5

Inventory:

Armour
 a - a +0 robe (worn)
 b - a +2 cloak (worn)
   (You found it on level 1 of the Dungeon)
Jewellery
 g - the ring "Qeunweil" (left hand) {rC+ EV+5}
   (You found it on level 2 of the Dungeon)

   [ring of evasion]

   EV:        It affects your evasion (+5).
   rC:        It protects you from cold.
Scrolls
 c - a scroll of amnesia {unknown}
 d - a scroll of immolation

Dungeon Overview and Level Annotations

Branches:
Dungeon (3/15) Zot: 15781

Altars:
Cheibriados
Wu Jian

...P...######...#.#
.P.............##.#
PP..P...######.##.#
P..PP....#####.##.#
.P.g......()......#
......$.######.####
#g# #.# #.######.#
#g@.Z....#
##########


You could see 2 gnolls and a friendly gnoll skeleton.


Message History

The goblin writhes in agony!
You kill the goblin!
You hear an angry hiss. 😎 MP[-1]
You lost 1 mp, and now have 7/8 mp.
You can't see any susceptible monsters within range! (Use Z to cast anyway.)
You can't see any susceptible monsters within range! (Use Z to cast anyway.)
You swap places.
You see here a +0 club.
An adder comes into view. 😎 MP[+1]
Your mp is fully restored (8).
An adder is nearby!
An adder is nearby!
You can't see any susceptible monsters within range! (Use Z to cast anyway.)
You see here a +0 club.
You closely miss the adder. The adder bites you. 😕 HP[-2]
You take 2 damage, and now have 19/21 hp.
You feel a surge of power!
The adder writhes in agony.
The adder closely misses you. 😕 MP[-1]
You lost 1 mp, and now have 7/8 mp.
You feel a surge of power!
The adder writhes in agony.
The adder bites you but does no damage.
The adder barely misses you. 😕 HP[+1] MP[-1]
You lost 1 mp, and now have 6/8 mp.
You feel a surge of power!
The adder writhes in agony.
You kill the adder!
The dead are slithering! 😕 MP[-1]
You now have 22 max hp (+1).
You lost 1 mp, and now have 5/8 mp.
You can't see any susceptible monsters within range! (Use Z to cast anyway.) Unknown command.
Your goblin skeleton crumbles into dust!
You swap places.
Your adder skeleton crumbles into dust!
Key pressed, stopping explore.
You see here a bubbling yellow potion.
Key pressed, stopping explore.
You now have 115 gold pieces (gained 8).
A gnoll comes into view. It is wielding a +0 club.
The gnoll shouts! 😎 HP[+2] MP[+3]
Your hp is fully restored (22).
Your mp is fully restored (8).
A gnoll is nearby!
A gnoll is nearby!
A gnoll comes into view. It is wielding a +0 flail.
A gnoll comes into view. It is wielding a +3 heavy flail.
You feel a surge of power!
The gnoll writhes in agony.
The gnoll shouts! x2 😎 MP[-1]
You lost 1 mp, and now have 7/8 mp.
The gnoll attacks as you move away! The gnoll barely misses you.
Casting: Necrotise (safe; 2% risk of failure)
Confirm with . or Enter, or press ? or * to list all spells.
The spell is quite dangerous to miscast (6% risk of failure)!
Continue anyway?
Okay, then.
Casting: Vampiric Draining (quite dangerous; 6% risk of failure)
Confirm with . or Enter, or press ? or * to list all spells.
Okay, then.
Aiming: Necrotise (safe; 2% risk of failure)
Press: ? - help, Q - select action, (/) - cycle Shift-Dir - straight line, f/p - gnoll
Aim: a gnoll, wielding a +0 club (lightly wounded, chance to affect: 88%)
You feel a surge of power!
The gnoll writhes in agony.
The gnoll hits you with a +0 club. 😕 HP[-4] MP[-1]
You take 4 damage, and now have 18/22 hp.
You lost 1 mp, and now have 6/8 mp.
Aiming: Necrotise (safe; 2% risk of failure)
Press: ? - help, Q - select action, (/) - cycle Shift-Dir - straight line, f/p - gnoll
Aim: a gnoll, wielding a +0 club (heavily wounded, chance to affect: 88%)
You feel a surge of power!
The gnoll writhes in agony.
The gnoll hits you with a +0 club. 😮 HP[-5] MP[-1]
You take 5 damage, and now have 13/22 hp.
MASSIVE DAMAGE!! (PAUSE)
You lost 1 mp, and now have 5/8 mp.
Aiming: Necrotise (safe; 2% risk of failure)
Press: ? - help, Q - select action, (/) - cycle Shift-Dir - straight line, f/p - gnoll
Aim: a gnoll, wielding a +0 club (severely wounded, chance to affect: 88%)
You feel a surge of power!
The gnoll writhes in agony. 😮 MP[-1]
You lost 1 mp, and now have 4/8 mp.
Unknown command.
Aiming: Necrotise (safe; 2% risk of failure)
Press: ? - help, Q - select action, (/) - cycle Shift-Dir - straight line, f/p - gnoll
Aim: a gnoll, wielding a +0 club (almost dead, chance to affect: 88%)
You feel a surge of power!
The gnoll writhes in agony.
You kill the gnoll!
The dead are walking!
You have reached level 4! 😮 HP[+4] MP[-1]
You now have 29 max hp (+7).
You regained 4 hp, and now have 17/29 hp.
You see here a +0 club.
The gnoll attacks as you move away!
The gnoll hits you with a +3 heavy flail!
Ouch! That really hurt!
You die...

Skill      XL: |  1  2  3 |
---------------+----------+-----
Spellcasting   | 3 |  3.8
Necromancy     | 5 |  5.2
Dodging        | |  1.5
Stealth        | |  1.5

Action                     |  1- 3 |  4- 6 || total
---------------------------+-------+-------++-------
  Melee: Unarmed           |    24 |       ||    24
         Punch             |     1 |       ||     1
   Cast: Necrotise         |    70 |       ||    70
         Kiss of Death     |     2 |       ||     2
         Vampiric Draining |     3 |       ||     3
    Use: Scroll            |     4 |       ||     4
 Armour: Robe              |    19 |       ||    19
  Dodge: Dodged            |    29 |       ||    29

Levels and vault maps discovered:
D:1:      dpeg_arrival_rooms_c, layout_loops_ring,
          nicolae_ecumenical_lake_church
D:2:      layout_loops_cross, basic_altar, minmay_misc_feat_hallway,
          minmay_misc_feat_square, minmay_heptomino_d4
D:3:      layout_loops_corners, mainiacjoe_overflow_alcove_4,
          general_overflow_altar, gammafunk_temple_overflow_pools,
          nicolae_grassy_gnolls, uniq_crazy_yiuf_cottage

Notes
Turn   | Place    | Note
-------+----------+-------------------------------------------
     0 | D:1      | ytrimaz the Mummy Necromancer began the quest for the Orb.
     0 | D:1      | Reached XP level 1. HP: 13/13 MP: 4/4
     0 | D:1      | magus.rc [v1.9.6]
   295 | D:1      | You pick up a book of Touch and begin reading...
   295 | D:1      | You add the spells Kiss of Death, Confusing Touch and
                  | Dispel Undead to your library.
   426 | D:1      | Found a faded altar of an unknown god.
   429 | D:1      | Learned a level 1 spell: Kiss of Death
   461 | D:1      | Reached skill level 3 in Spellcasting
   464 | D:1      | Reached XP level 2. HP: 16/16 MP: 0/6
  1077 | D:2      | Gained mutation: You are in touch with the powers of death.
                  | [Mummy growth]
  1077 | D:2      | Reached XP level 3. HP: 23/23 MP: 2/7
  1097 | D:2      | Learned a level 3 spell: Vampiric Draining
  1373 | D:2      | Identified the ring "Qeunweil" {rC+ EV+5}
  1587 | D:2      | Found an ornate altar of the Wu Jian Council.
  1868 | D:2      | Reached skill level 5 in Necromancy
  2094 | D:3      | Found a snail-covered altar of Cheibriados.
  2217 | D:3      | Reached XP level 4. HP: 17/29 MP: 3/9
  2218 | D:3      | Slain by a gnoll

Vanquished Creatures
  A gnoll (D:3)
  An adder (D:3)
  2 worms (D:2)
  2 dart slugs (D:2)
  3 bats
  2 endoplasms
  4 goblins
  3 hobgoblins
  9 quokkas
  2 ball pythons
  2 frilled lizards
  7 kobolds
  2 rats (D:2)
40 creatures vanquished.

Vanquished Creatures (collateral kills)
  A kobold (D:2)
1 creature vanquished.

Grand Total: 41 creatures vanquished

Table legend:
 A = Non-vault XP
 B = Vault XP
 C = Vault XP percentage of total XP
 D = Non-vault monster count
 E = Vault monster count
 F = Vault count percentage of total count
                 A         B        C        D         E       F
            +---------+---------+-------+---------+---------+-------
      Total |      89 |      19 |  17.6 |      37 |       4 |   9.8
            +---------+---------+-------+---------+---------+-------
        D:1 |      22 |       0 |   0.0 |      12 |       0 |   0.0
        D:2 |      48 |       5 |   9.4 |      20 |       3 |  13.0
        D:3 |      19 |      14 |  42.4 |       5 |       1 |  16.7
            +---------+---------+-------+---------+---------+-------

Skill      XL: |  1  2  3 |
---------------+----------+-----
Spellcasting   | 3 |  3.8
Necromancy     | 5 |  5.2
Dodging        | |  1.5
Stealth        | |  1.5

Action                     |  1- 3 |  4- 6 || total
---------------------------+-------+-------++-------
  Melee: Unarmed           |    24 |       ||    24
         Punch             |     1 |       ||     1
   Cast: Necrotise         |    70 |       ||    70
         Kiss of Death     |     2 |       ||     2
         Vampiric Draining |     3 |       ||     3
    Use: Scroll            |     4 |       ||     4
 Armour: Robe              |    19 |       ||    19
  Dodge: Dodged            |    29 |       ||    29

Illustrated notes

Table legend:
 A = Kills in this place as a percentage of kills in the entire game.
 B = Kills by you in this place as a percentage of kills by you in the entire game.
 C = Kills by friends in this place as a percentage of kills by friends in the entire game.
 D = Other kills in this place as a percentage of other kills in the entire game.
 E = Experience gained in this place as a percentage of experience gained in the entire game.
 F = Experience gained in this place divided by the number of levels of this place that you have seen.
                   A       B       C       D       E      F
               +-------+-------+-------+-------+-------+----------------------
         Total | 100.0 | 100.0 | 100.0 |   N/A | 100.0 |  36.0
       Dungeon | 100.0 | 100.0 | 100.0 |   N/A | 100.0 |  36.0
               +-------+-------+-------+-------+-------+----------------------

Table legend: (Time is in decaauts)
 A = Elapsed time spent in this place.
 B = Non-inter-level travel time spent in this place.
 C = Inter-level travel time spent in this place.
 D = Time resting spent in this place.
 E = Time spent auto-exploring this place.
 F = Levels seen in this place.
 G = Mean time per level.
                   A        B        C        D        E       F      G
               +--------+--------+--------+--------+--------+-----+--------+
         Total |   2218 |   2139 |     79 |     45 |   1833 |   3 |  739.3 |
       Dungeon |   2218 |   2139 |     79 |     45 |   1833 |   3 |  739.3 |
               +--------+--------+--------+--------+--------+-----+--------+

Top non-repeatable levels by time:
     D:2: 1071 daAuts
     D:1: 871 daAuts
     D:3: 275 daAuts
